 Dungeon Sprint DCSS version 0.18-a0-183-gad09a0e (webtiles) character file.

49907 Kidiri the Unseen (level 13, -41/75 HPs)
             Began as a Spriggan Enchanter on Nov 23, 2015.
             Was the Champion of Dithmenos.
             Annihilated by an Ice Fiend (45 damage)
             ... summoned by a deep elf demonologist
             ... in the Dungeon (Sprint III: "The Ten Rune Challenge").
             The game lasted 00:28:23 (6672 turns).

Kidiri the Unseen (Spriggan Enchanter)              Turns: 6672, Time: 00:28:23

Health: -41/75     AC:  7    Str:  4    XL:     13   Next: 55%
Magic:  10/34      EV: 38    Int: 19    God:    Dithmenos [******]
Gold:   5348       SH:  7    Dex: 24    Spells: 9 memorised, 14 levels left

rFire  . . .     SeeInvis +     n - +2 dagger (holy)
rCold  . . .     Rnd*Rage +     b - +1 robe
rNeg   . . .     SustAt   .     l - +0 buckler
rPois  +         Gourm    .     f - +2 hat {MR+}
rElec  .         Spirit   .     i - +0 cloak of Kivim {Dex+5}
rCorr  .         Warding  .     (gloves unavailable)
rMut   .         NoTele   +     (boots unavailable)
MR     +++..                    (no amulet)
Stlth  ++++++++++               (no ring)
                                (no ring)

@: very slightly contaminated, wreathed by umbra, very quick, extremely
resistant to hostile enchantments, uncannily stealthy
A: unfitting armour, see invisible, berserk 1, herbivore 3, speed 3, poison
resistance, robust 1, slow regeneration 1, slow metabolism 2, evolution 1
a: Shadow Step, Shadow Form, Renounce Religion
}: 1/10 runes: serpentine


You were in the Dungeon.
You worshipped Dithmenos.
Dithmenos was exalted by your worship.
You were full.

You visited 1 branch You collected 6244 gold pieces.
You spent 896 gold pieces at shops.

Inventory:

Hand Weapons
 n - a +2 dagger of holy wrath (weapon)
 w - a +0 rapier
Armour
 b - a +1 robe (worn)
 f - a +2 hat of magic resistance (worn)
 i - the +0 cloak of Kivim (worn) {Dex+5}
   (You bought it in a shop in the Dungeon)

   It affects your dexterity (+5).
 l - a +0 buckler (worn)
Scrolls
 j - a scroll of blinking
 p - a scroll of holy word {unknown}
 q - 4 scrolls of remove curse
 t - a scroll of torment
Potions
 c - a potion of berserk rage
 e - 2 potions of might
 g - a potion of haste
 h - a potion of magic
 m - 3 potions of curing
 s - a potion of flight
 u - 3 potions of resistance
Comestibles
 d - a bread ration
 k - a slice of pizza
 r - 29 royal jellies


   Skills:
 + Level 8.3 Fighting
 * Level 15.0 Short Blades
 + Level 7.7 Armour
 * Level 18.9 Dodging
 * Level 20.1 Stealth
 + Level 1.1 Shields
 * Level 16.2 Spellcasting
 + Level 7.5 Conjurations
 + Level 12.3 Hexes
 + Level 8.1 Ice Magic
 + Level 2.1 Air Magic
 + Level 8.4 Earth Magic
 + Level 2.4 Poison Magic
 - Level 8.8 Invocations


You had 14 spell levels left.
You knew the following spells:

 Your Spells              Type           Power        Failure   Level  Hunger
a - Corona                Hex            ######.      1%          1    None
b - Ensorcelled Hibernat  Hex/Ice        ######       1%          2    None
c - Confuse               Hex            ######..     1%          3    None
d - Tukima's Dance        Hex            ######..     1%          3    None
e - Dazzling Spray        Conj/Hex       ######..     1%          3    None
f - Stone Arrow           Conj/Erth      #####.       1%          3    None
g - Mephitic Cloud        Conj/Pois/Air  ####....     3%          3    None
h - Freezing Cloud        Conj/Ice/Air   #####.....   78%         6    #####..
i - Poisonous Cloud       Conj/Pois/Air  ####......   99%         6    #####..


Dungeon Overview and Level Annotations

Branches:
Dungeon (1/1)

Altars:
Cheibriados
Dithmenos
Elyvilon
Fedhas
Gozag
Kikubaaqudgha
Makhleb
Nemelex Xobeh
Okawaru
Qazlal
Ru
Sif Muna
Trog
Vehumet
Xom
Yredelemnul
Zin
The Shining One
Beogh
Jiyva
Lugonu

Shops:
D %=([:!*


Innate Abilities, Weirdness & Mutations

You are tiny and cannot use many weapons and most armour.
You have supernaturally acute eyesight.
You are a herbivore.
You cover ground extremely quickly.
You need consume almost no food.
You tend to lose your temper in combat.
Your system is resistant to poisons.
You are robust (+10% HP).
You regenerate slowly when monsters are visible.
You evolve.


Message History

Press: ? - help, Shift-Dir - straight line, f/p - Ice Fiend
Aim: an Ice Fiend (summoned, umbra)
The spray of energy hits the Ice Fiend.
The Ice Fiend is lightly wounded.
Casting: Dazzling Spray
Confirm with . or Enter, or press ? or * to list all spells.
Aiming: Dazzling Spray
Press: ? - help, Shift-Dir - straight line, f/p - Ice Fiend
Aim: an Ice Fiend (lightly wounded, summoned, umbra)
The spray of energy hits the Ice Fiend.
The Ice Fiend is lightly wounded.
Your shadow mimicks your spell!
The shadow shard hits the Ice Fiend.
The Ice Fiend claws you!
You emit a cloud of dark smoke.
The Ice Fiend freezes you!!
* * * LOW HITPOINT WARNING * * *
The Ice Fiend claws you!
* * * LOW HITPOINT WARNING * * *
The Ice Fiend freezes you!!!
Ouch! That really hurt!
You die...

▓▓▓▓▓▓ ######### #.#..####### ###
_#__[#__#######....+.#...# ...'
.#..)#._#....[.....#.#...##≈1≈≈#
+#+###+##.).....1#.#)#...≈≈≈e)..
........#))...)§@###[#1..##≈≈≈≈#
........#)#∩.#.#§§##.+...# ...e
.######'#)###.#.##.####### ###
.#__#...#+#######################
.#__#...#§§§≈≈+.#.+...+.#.#.#.+..
##__#...#§#§§§#.#.#...##.#.#.##..
)#__#...'.#§§§#.#.#)..#.#.#.#.#..
_#_.+...#.#§§§#...#)).##.#.#.##..
▓▓▓▓▓▓▓▓▓▓▓▓▓▓▓▓▓▓▓▓▓▓#.#.#.#.#..


You could see an Ice Fiend.

Vanquished Creatures
  Rupert (D)
  Gastronok (D)
  A greater naga (D)
  Maud (D)
  2 dire elephants (D)
  2 deep elf annihilators (D)
  A deep elf demonologist (D)
  A deep elf death mage (D)
  2 hydras (D)
  A naga warrior (D)
  3 ice dragons (D)
  5 anacondas (D)
  Erica (D)
  A centaur warrior (D)
  4 death yaks (D)
  3 deep elf knights (D)
  An unseen horror (D)
  A deep elf summoner (D)
  A death drake (D)
  A spriggan druid (D)
  A lindwurm (D)
  A deep elf conjurer (D)
  2 elephants (D)
  A guardian serpent (D)
  5 black mambas (D)
  2 spiny frogs (D)
  A komodo dragon (D)
  2 giant leeches (D)
  A queen bee (D)
  A fire drake (D)
  A deep elf priest (D)
  3 wandering mushrooms (D)
  8 blink frogs (D)
  A shadow (D)
  3 redbacks (D)
  A naga (D)
  A spriggan (D)
  A spatial vortex (D)
  5 water moccasins (D)
  A swamp drake (D)
  2 centaurs (D)
  4 orc warriors (D)
  A necrophage (D)
  An earth elemental (D)
  A water elemental (D)
  32 killer bees (D)
  An electric eel (D)
  An orc priest (D)
  A jelly (D)
  A necromancer (D)
  Jessica (D)
  3 orc wizards (D)
  A wizard (D)
  A kobold demonologist (D)
  3 humans (D)
  3 adders (D)
  2 oozes (D)
  2 swamp drake simulacra (D)
  A phantom (D)
  10 orcs (D)
  A ballistomycete (D)
  A giant spore (D)
  6 plants (D)
156 creatures vanquished.

Vanquished Creatures (collateral kills)
  A naga (D)
1 creature vanquished.

Vanquished Creatures (others)
  2 draconian scorchers (D)
  2 yaktaurs (D)
  A spriggan (D)
  10 plants (D)
15 creatures vanquished.

Grand Total: 172 creatures vanquished

Notes
Turn   | Place    | Note
--------------------------------------------------------------
     0 | D        | Kidiri the Spriggan Enchanter began the quest for the Orb.
     0 | D        | Reached XP level 1. HP: 9/9 MP: 5/5
    19 | D        | Reached skill level 5 in Stealth
    19 | D        | Reached XP level 2. HP: 13/13 MP: 4/7
    30 | D        | Learned a level 2 spell: Ensorcelled Hibernation
    56 | D        | Noticed Jessica
    62 | D        | Killed Jessica
    62 | D        | Reached skill level 1 in Fighting
    62 | D        | Reached skill level 1 in Armour
    62 | D        | Reached skill level 5 in Dodging
    62 | D        | Reached skill level 6 in Stealth
    62 | D        | Reached XP level 3. HP: 16/18 MP: 7/9
    67 | D        | Learned a level 3 spell: Confuse
    71 | D        | Learned a level 3 spell: Dazzling Spray
   164 | D        | Killed a white draconian scorcher
   182 | D        | Killed a white draconian scorcher
   223 | D        | Reached skill level 1 in Ice Magic
   234 | D        | Killed a yaktaur
   439 | D        | Gained mutation: You are robust (+10% HP). [potion of mutation]
   440 | D        | Gained mutation: You are weak. (Str -2) [potion of mutation]
   440 | D        | Lost mutation: You are weak. (Str -2) [potion of mutation]
   440 | D        | Gained mutation: You evolve. [potion of mutation]
   441 | D        | Gained mutation: Your magical capacity is low (-10% MP). [potion of mutation]
   441 | D        | Gained mutation: You regenerate slowly when monsters are visible. [potion of mutation]
   441 | D        | Gained mutation: You tend to lose your temper in combat. [potion of mutation]
   459 | D        | Noticed a water elemental
   474 | D        | Killed a water elemental
   474 | D        | Reached skill level 7 in Stealth
   474 | D        | Reached skill level 5 in Spellcasting
   474 | D        | Reached skill level 1 in Conjurations
   474 | D        | Reached XP level 4. HP: 25/25 MP: 1/11
   519 | D        | Learned a level 3 spell: Tukima's Dance
   564 | D        | Noticed a shadow
   598 | D        | Reached skill level 5 in Hexes
   598 | D        | Reached XP level 5. HP: 17/28 MP: 4/12
   612 | D        | Killed a shadow
   612 | D        | Reached skill level 5 in Short Blades
   612 | D        | Reached skill level 8 in Dodging
   612 | D        | Reached skill level 9 in Stealth
   612 | D        | Reached XP level 6. HP: 22/35 MP: 6/15
   798 | D        | Found a stormy altar of Qazlal.
   799 | D        | Found a sacrificial altar of Ru.
   799 | D        | Found a burning altar of Makhleb.
   799 | D        | Found a viscous altar of Jiyva.
   799 | D        | Found a shimmering altar of Xom.
   799 | D        | Found a shadowy altar of Dithmenos.
   799 | D        | Found a sparkling altar of Nemelex Xobeh.
   799 | D        | Found a corrupted altar of Lugonu.
   799 | D        | Found an opulent altar of Gozag.
   799 | D        | Noticed a spatial vortex
   803 | D        | Became a worshipper of Dithmenos the Shadowed
   819 | D        | Killed a spatial vortex
   819 | D        | Reached skill level 10 in Stealth
   819 | D        | Reached skill level 1 in Invocations
   923 | D        | Found a radiant altar of Vehumet.
   924 | D        | Found a deep blue altar of Sif Muna.
   924 | D        | Found an ancient bone altar of Kikubaaqudgha.
   927 | D        | Reached * piety under Dithmenos
   941 | D        | Learned a level 3 spell: Stone Arrow
   954 | D        | Found a glowing silver altar of Zin.
   955 | D        | Found a glowing golden altar of the Shining One.
   955 | D        | Found a white marble altar of Elyvilon.
   955 | D        | Noticed a deep elf priest
   957 | D        | Killed a deep elf priest
   957 | D        | Reached skill level 1 in Earth Magic
   957 | D        | Reached XP level 7. HP: 39/39 MP: 15/17
   968 | D        | Found an iron altar of Okawaru.
   969 | D        | Found a bloodstained altar of Trog.
   969 | D        | Noticed a human
   969 | D        | Noticed a human
   971 | D        | Killed a human
   972 | D        | Killed a human
   972 | D        | Reached ** piety under Dithmenos
   972 | D        | Reached skill level 10 in Dodging
   972 | D        | Reached skill level 11 in Stealth
   986 | D        | Found a snail-covered altar of Cheibriados.
   987 | D        | Found a basalt altar of Yredelemnul.
   987 | D        | Found a blossoming altar of Fedhas.
   988 | D        | Reached XP level 8. HP: 44/46 MP: 19/19
  1010 | D        | Noticed Erica
  1013 | D        | Killed Erica
  1013 | D        | Reached skill level 12 in Stealth
  1050 | D        | Noticed a centaur warrior
  1053 | D        | Killed a centaur warrior
  1053 | D        | Reached *** piety under Dithmenos
  1053 | D        | Reached skill level 13 in Stealth
  1053 | D        | Reached skill level 10 in Spellcasting
  1053 | D        | Reached XP level 9. HP: 50/50 MP: 21/21
  1072 | D        | Noticed an unseen horror
  1079 | D        | Killed an unseen horror
  1142 | D        | Reached **** piety under Dithmenos
  1165 | D        | Reached ***** piety under Dithmenos
  1302 | D        | Reached skill level 5 in Fighting
  1306 | D        | Reached skill level 14 in Stealth
  1306 | D        | Reached XP level 10. HP: 54/56 MP: 16/23
  1319 | D        | Reached ****** piety under Dithmenos
  1466 | D        | Reached skill level 5 in Ice Magic
  1475 | D        | Reached skill level 10 in Short Blades
  1595 | D        | Reached skill level 5 in Invocations
  1845 | D        | Reached skill level 5 in Armour
  2042 | D        | Noticed a lindwurm
  2043 | D        | Reached skill level 15 in Stealth
  2046 | D        | Killed a lindwurm
  2046 | D        | Reached skill level 5 in Conjurations
  2046 | D        | Reached skill level 5 in Earth Magic
  2081 | D        | Noticed Maud
  2083 | D        | Killed Maud
  2083 | D        | Reached XP level 11. HP: 61/61 MP: 25/25
  2092 | D        | Noticed a seven-headed hydra
  2092 | D        | Noticed an eight-headed hydra
  2103 | D        | Killed an eight-headed hydra
  2107 | D        | Killed a seven-headed hydra
  2107 | D        | Reached skill level 15 in Dodging
  2107 | D        | Reached skill level 16 in Stealth
  2153 | D        | Noticed a death drake
  2166 | D        | Killed a death drake
  2166 | D        | Reached skill level 10 in Hexes
  2188 | D        | Found a blossoming altar of Fedhas.
  2188 | D        | Noticed a spriggan druid
  2193 | D        | Killed a spriggan druid
  2222 | D        | Gained mutation: Your system is resistant to poisons. [evolution]
  2289 | D        | Noticed an anaconda
  2294 | D        | Killed an anaconda
  2308 | D        | Noticed an anaconda
  2308 | D        | Noticed an anaconda
  2310 | D        | Noticed an anaconda
  2327 | D        | Killed an anaconda
  2329 | D        | Killed an anaconda
  2384 | D        | Killed an anaconda
  2384 | D        | Reached skill level 17 in Stealth
  2390 | D        | Noticed an anaconda
  2397 | D        | Killed an anaconda
  2400 | D        | Reached XP level 12. HP: 68/68 MP: 14/27
  2487 | D        | Noticed a naga warrior
  2487 | D        | Noticed a greater naga
  2487 | D        | Found Zaclonn's Antique Armour Shop.
  2487 | D        | Found Sapyatt's Book Shoppe.
  2487 | D        | Found Hawny's Distillery.
  2497 | D        | Killed a greater naga
  2523 | D        | Killed a naga warrior
  2678 | D        | Got a serpentine rune of Zot
  2923 | D        | Noticed Rupert
  3083 | D        | Killed Rupert
  3083 | D        | Reached skill level 18 in Stealth
  3142 | D        | Noticed an azure jelly
  3142 | D        | Noticed an azure jelly
  3160 | D        | Reached skill level 15 in Spellcasting
  3531 | D        | Noticed an ice dragon
  3532 | D        | Noticed an ice dragon
  3535 | D        | Noticed an ice dragon
  3917 | D        | Killed an ice dragon
  4160 | D        | Killed an ice dragon
  4168 | D        | Found Vohor's Food Shoppe.
  4168 | D        | Found Gucsail's Jewellery Boutique.
  4170 | D        | Found Feol's Antique Weapon Emporium.
  4231 | D        | Killed an ice dragon
  4231 | D        | Reached skill level 19 in Stealth
  4562 | D        | Noticed an azure jelly
  4562 | D        | Noticed an azure jelly
  4563 | D        | Noticed a dire elephant
  4563 | D        | Noticed a dire elephant
  4563 | D        | Noticed Gastronok
  4582 | D        | Killed a dire elephant
  4582 | D        | Reached XP level 13. HP: 74/74 MP: 21/30
  4604 | D        | Killed Gastronok
  4790 | D        | Killed a dire elephant
  5292 | D        | Found Tillef's Assorted Antiques.
  5292 | D        | Found a roughly hewn altar of Beogh.
  5507 | D        | Bought an ichor-stained cloak for 266 gold pieces
  5512 | D        | Identified the +0 cloak of Kivim {Dex+5} (You bought it in a shop in the Dungeon)
  5513 | D        | Bought a book of Clouds for 630 gold pieces
  5517 | D        | Learned a level 3 spell: Mephitic Cloud
  5524 | D        | Learned a level 6 spell: Freezing Cloud
  5531 | D        | Learned a level 6 spell: Poisonous Cloud
  5685 | D        | Reached skill level 1 in Poison Magic
  5688 | D        | Reached skill level 1 in Air Magic
  5708 | D        | Noticed a deep elf annihilator
  5874 | D        | Noticed a deep elf demonologist
  5874 | D        | Noticed a deep elf annihilator
  6008 | D        | Noticed a deep elf demonologist
  6017 | D        | Killed a deep elf annihilator
  6019 | D        | Killed a deep elf demonologist
  6170 | D        | Noticed a deep elf blademaster
  6335 | D        | Reached skill level 20 in Stealth
  6466 | D        | Lost mutation: Your magical capacity is low (-10% MP). [evolution]
  6541 | D        | Killed a deep elf annihilator
  6541 | D        | Reached skill level 15 in Short Blades
  6541 | D        | Reached skill level 1 in Shields
  6647 | D        | Noticed an Ice Fiend
  6672 | D        | Annihilated by an Ice Fiend

Vault maps used:
D:        dungeon_sprint_mu

Action                   |  1- 3 |  4- 6 |  7- 9 | 10-12 | 13-15 || total
-------------------------+-------+-------+-------+-------+-------++-------
Melee: Dagger            |    43 |    29 |    38 |   363 |   157 ||   630
 Cast: Corona            |     6 |       |       |     1 |       ||     7
       Ensorcelled Hiber |     4 |     1 |    15 |    58 |    12 ||    90
       Dazzling Spray    |     3 |     6 |     1 |    43 |    60 ||   113
       Stone Arrow       |       |       |       |     9 |    27 ||    36
       Confuse           |       |       |       |     3 |     1 ||     4
       Tukima's Dance    |       |       |       |     5 |       ||     5
       Mephitic Cloud    |       |       |       |       |     2 ||     2
Invok: Shadow Step       |       |       |       |     8 |       ||     8
  Use: Potion            |     5 |       |       |       |     3 ||     8
       Scroll            |     4 |       |       |       |       ||     4
 Stab: Sleeping          |     2 |     4 |    22 |    54 |     5 ||    87
       Invisible         |       |       |     1 |     7 |     4 ||    12
       Confused          |       |       |       |     4 |     1 ||     5
  Eat: Bread ration      |       |       |     1 |       |       ||     1
       Fruit             |       |       |       |       |     6 ||     6
